 Dungeon Crawl Stone Soup version 0.23.2-1-ga50397a6bc (webtiles) character file.

Game seed: 7166407801343525493

49 Requim the Sneak (level 3, 0/27 HPs)
             Began as a Demonspawn Assassin on Apr 7, 2019.
             Succumbed to an adder's poison
             ... on level 2 of the Dungeon on Apr 13, 2019.
             The game lasted 00:08:37 (1261 turns).

Requim the Sneak (Demonspawn Assassin)              Turns: 1261, Time: 00:08:38

Health: 0/27       AC:  5    Str: 13    XL:     3   Next: 51%
Magic:  3/3        EV: 12    Int: 12    God:
Gold:   58         SH:  0    Dex: 15    Spells: 2/2 levels left

rFire    . . .     SeeInvis .   a - +2 dagger
rCold    . . .     Gourm    .   (no shield)
rNeg     . . .     Faith    .   c - +0 robe
rPois    .         Spirit   .   (helmet restricted)
rElec    .         Reflect  .   d - +0 cloak
rCorr    .         Harm     .   (no gloves)
MR       .....                  (no boots)
Stlth    +++.......             (no amulet)
HPRegen  0.09/turn              (no ring)
MPRegen  0.08/turn              (no ring)

@: lethally poisoned (0 -> -5)
A: horns 1, slimy green scales 1, demonic guardian 1, strong 1
a: no special abilities


You were on level 2 of the Dungeon.
You were not hungry.

You visited 1 branch of the dungeon, and saw 2 of its levels.

You collected 58 gold pieces.

Inventory:

Hand Weapons
 a - a +2 dagger (weapon)
 b - a +0 blowgun
Missiles
 e - 8 poisoned needles
 f - 2 curare-tipped needles
Armour
 c - a +0 robe (worn)
 d - a +0 cloak (worn)
Jewellery
 i - a +4 ring of evasion {unknown}
Potions
 h - a potion of haste
Comestibles
 g - 5 rations


   Skills:
 + Level 2.2 Fighting
 + Level 2.3 Short Blades
 + Level 1.8 Throwing
 + Level 1.2 Dodging
 + Level 4.4 Stealth


You had 2 spell levels left.
You didn't know any spells.
Your spell library was empty.

Dungeon Overview and Level Annotations

Branches:
Dungeon (2/15)

Altars:


Innate Abilities, Weirdness & Mutations

You are partially covered in slimy green scales. (AC +2)
A weak demonic guardian rushes to your aid.
You have a pair of small horns on your head.
Your muscles are strong. (Str +2)


Message History

The adder is heavily wounded.
* * * LOW HITPOINT WARNING * * *
You feel sick. The adder barely misses you.
You hit the adder. You headbutt the adder.
You kill the adder!
* * * LOW HITPOINT WARNING * * *
You feel sick.
There is a lethal amount of poison in your body!
There is a lethal amount of poison in your body!
There is a lethal amount of poison in your body!
You see here an adder corpse.
* * * LOW HITPOINT WARNING * * *
You feel sick.
* * * LOW HITPOINT WARNING * * *
You feel sick.
* * * LOW HITPOINT WARNING * * *
You feel sick.
* * * LOW HITPOINT WARNING * * *
You feel sick.
You die...

#####.######
#...#.##...####
##...#...###†..#
........## ##..#
........# #..#
†.......## ##..###
.........# #.....#
##......#...##.#.#
##..#..#### #.#@#
#..#..... ..#.#
#..#.#### ####..
#..#+# #### #... #
..... ## . .# # .
..##.# . ..#.####


There were no monsters in sight!

Vanquished Creatures
  An adder (D:2)
  2 giant cockroaches (D:1)
  3 goblins (D:1)
  2 hobgoblins
  A quokka (D:2)
  6 bats
  2 frilled lizards (D:1)
  3 kobolds
  5 rats
25 creatures vanquished.

Vanquished Creatures (collateral kills)
  Terence (D:2)
1 creature vanquished.

Grand Total: 26 creatures vanquished

Notes
Turn   | Place    | Note
-------+----------+-------------------------------------------
     0 | D:1      | Requim the Demonspawn Assassin began the quest for the Orb.
     0 | D:1      | Reached XP level 1. HP: 16/16 MP: 1/1
   147 | D:1      | Reached skill level 1 in Dodging
   220 | D:1      | Gained mutation: A weak demonic guardian rushes to your
                  | aid. [demonic ancestry]
   220 | D:1      | Reached XP level 2. HP: 21/22 MP: 2/2
   240 | D:1      | Reached skill level 4 in Stealth
   572 | D:2      | Upgraded the game from 0.23.2 to 0.23.2-1-ga50397a6bc
   677 | D:2      | Noticed Terence
   686 | D:2      | Killed Terence
   686 | D:2      | Gained mutation: You are partially covered in slimy green
                  | scales. (AC +2) [demonic ancestry]
   686 | D:2      | Reached XP level 3. HP: 27/27 MP: 3/3
  1250 | D:2      | Gained mutation: You have a pair of small horns on your
                  | head. [potion of mutation]
  1250 | D:2      | Gained mutation: Your muscles are strong. (Str +2) [potion
                  | of mutation]
  1259 | D:2      | HP: 1/27 [poisoned by an adder]
  1261 | D:2      | Succumbed to an adder's poison

Skill      XL: |  1  2 |
---------------+-------+-----
Dodging        | 1 |  1.2
Stealth        | 4 |  4.4
Short Blades   | 2 |  2.3
Fighting       | |  2.2
Throwing       | |  1.8

Action                   || total
-------------------------++-------
Melee: Dagger            ||   109
       Headbutt          ||     1
  Use: Scroll            ||     1
       Potion            ||     3
 Stab: Sleeping          ||     4
  Eat: Ration            ||     1
Armor: Robe              ||    35
Dodge: Dodged            ||    56
